 Dungeon Crawl Stone Soup version 0.19.1 (webtiles) character file.

7958 Krapule the Quickloader (level 11, -2/95 HPs)
             Began as a Minotaur Hunter on Dec 13, 2016.
             Was a High Priest of Okawaru.
             Slain by a purple very ugly thing (9 damage)
             ... on level 2 of the Abyss.
             The game lasted 00:33:40 (10067 turns).

Krapule the Quickloader (Minotaur Hunter)          Turns: 10067, Time: 00:33:41

Health: -2/95      AC: 16    Str: 28    XL:     11   Next: 3%
Magic:  11/11      EV: 15    Int: 10    God:    Okawaru [*****.]
Gold:   169        SH:  9    Dex: 12    Spells: 0 memorised, 10 levels left

rFire  + . .     SeeInvis .     b - +5 falchion of Trauma {drain, Str+7 Stlth-}
rCold  . . .     Gourm    .     N - +0 plate armour
rNeg   + . .     Faith    .     v - +3 buckler
rPois  .         Spirit   .     (helmet restricted)
rElec  +         Reflect  .     U - +0 cloak of Plog {rElec rN+ MR- Dex+2}
rCorr  .         Harm     .     D - +0 pair of gloves
MR     .....                    (no boots)
Stlth  ..........               (no amulet)
                                T - ring of Xom's Entertainment {EV+4 Int+2}
                                O - ring of protection from fire

@: about to teleport, glowing
A: retaliatory headbutt, horns 2, blurry vision 2, low mp 2, no device heal 2,
subdued magic 2
a: Heroism, Finesse, Renounce Religion


You were on level 2 of the Abyss.
You worshipped Okawaru.
Okawaru was extremely pleased with you.
You were not hungry.

You visited 2 branches of the dungeon, and saw 11 of its levels.
You visited the Abyss 1 time.

You collected 644 gold pieces.
You spent 475 gold pieces at shops.

Inventory:

Hand Weapons
 a - a +1 hand crossbow
 b - the +5 falchion of Trauma (weapon) {drain, Str+7 Stlth-}
   (You found it on level 7 of the Dungeon)

   A truly terrible weapon, it drains the life of those it strikes.
   It affects your strength (+7).
   It makes you less stealthy.
 L - the +4 hand axe of Light {elec, rElec rPois rC+ MR-}
   (You found it on level 8 of the Dungeon)

   Occasionally, upon striking a foe, it will discharge some electrical energy
   and cause terrible harm.
   It protects you from cold.
   It insulates you from electricity.
   It protects you from poison.
   It affects your resistance to hostile enchantments.
Missiles
 d - 117 bolts
Armour
 h - a +0 chain mail
 i - a +0 cloak
 v - a +3 buckler (worn)
 D - a +0 pair of gloves (worn)
 N - a +0 plate armour (worn)
 U - the +0 cloak of Plog (worn) {rElec rN+ MR- Dex+2}
   (You bought it in a shop on level 10 of the Dungeon)

   It affects your dexterity (+2).
   It insulates you from electricity.
   It protects you from negative energy.
   It affects your resistance to hostile enchantments.
Jewellery
 O - a ring of protection from fire (left hand)
 Q - an uncursed ring of fire
 T - the ring of Xom's Entertainment (right hand) {EV+4 Int+2}
   (You found it on level 10 of the Dungeon)

   [ring of evasion]

   It affects your evasion (+4).
   It affects your intelligence (+2).
Wands
 c - a wand of flame (42/48)
 H - a wand of flame (8/48)
Scrolls
 k - 3 scrolls of magic mapping
 l - 2 scrolls of fear
 o - 4 scrolls of enchant armour
 u - 2 scrolls of blinking {unknown}
 w - a scroll of teleportation
 x - 5 scrolls of enchant weapon {unknown}
 y - 2 scrolls of amnesia {unknown}
 B - 3 scrolls of recharging
 C - 4 scrolls of remove curse
 F - a scroll of fog
 J - a scroll of holy word {unknown}
 K - a scroll of vulnerability {unknown}
 M - 2 scrolls of brand weapon {unknown}
Potions
 e - 2 potions of heal wounds
 g - 2 potions of haste
 j - a potion of agility
 m - 3 potions of flight
 n - a potion of mutation
 t - 5 potions of curing
 A - a potion of magic
 P - a potion of cancellation
Books
 I - a book of Debilitation

   Spells                             Type                      Level
   a - Corona                         Hexes                        1
   b - Slow                           Hexes                        2
   c - Gell's Gravitas                Hexes/Translocation          3
   d - Inner Flame                    Hexes/Fire                   3
   e - Cause Fear                     Hexes                        4
   f - Leda's Liquefaction            Hexes/Earth                  4
Comestibles
 f - 8 bread rations
 p - 6 meat rations
 q - a chunk of flesh
 r - 9 beef jerkies
 E - 2 fruits
 S - a royal jelly


   Skills:
 + Level 8.8 Fighting
 + Level 9.3 Crossbows
 + Level 8.2 Armour
 + Level 8.3 Dodging
 - Level 1.0 Stealth
 + Level 8.4 Shields
 + Level 5.8 Invocations


You had 10 spell levels left.
You didn't know any spells.

Dungeon Overview and Level Annotations

Branches:
Dungeon (10/15)            Temple (1/1) D:6            Lair (0/6) D:10
    Orc: D:9-12

Altars:
Ashenzari
Cheibriados
Dithmenos
Elyvilon
Fedhas
Gozag
Hepliaklqana
Kikubaaqudgha
Makhleb
Nemelex Xobeh
Okawaru
Qazlal
Ru
Sif Muna
Trog
Uskayaw
Vehumet
Xom
Yredelemnul
Zin
The Shining One

Shops:
D:10 *

Annotations:
D:8 Prince Ribbit


Innate Abilities, Weirdness & Mutations

You reflexively headbutt those who attack you in melee.
You have a pair of horns on your head.
[Scrolls take you longer to read.]
[Your magical capacity is very low. (-20% MP)]
[Potions and wands are poor at restoring your health.]
[Your spells are easier to cast, but less powerful.]


Message History

The hellion gestures at you.
The sphere of damnation explodes!
The damnation engulfs you!
* * * LOW HITPOINT WARNING * * *
The damnation engulfs the wretched star.
You hear a shout!
The small abomination is engulfed in blessed fire.
The small abomination is engulfed in blessed fire.
The small abomination is destroyed!
The purple very ugly thing is engulfed in blessed fire.
The ophan calls forth blessed flames!
Blessed fire suddenly surrounds you!
You completely miss the purple very ugly thing.
The purple very ugly thing is moderately wounded.
The purple very ugly thing tentacle-slaps you.
* * * LOW HITPOINT WARNING * * *
An ufetubus comes into view.
You hit the purple very ugly thing. You drain the purple very ugly thing!
The purple very ugly thing is moderately wounded.
The purple very ugly thing tentacle-slaps you!
You die...

# ###...#.#
...#... .:. .#..#
.......
#..#..#.##.#(#.#.
.. .###.'....)..#
..###...#.§5.....
... .##2#.§4.....
###...*G8§..#..8
#####u.#..+.##
#..§@§.......
#..#§§#X....###
## #.#....##.#
#...#...#...
#.### ..# ## #.#
#.§.. ##. .#.. .


You could see a purple very ugly thing, an ophan, a wretched star, an orange
demon, a large abomination, a hellion and an ufetubus.

Vanquished Creatures
  Nergalle (D:10)
  Pikel (D:8)
  A hill giant (D:10)
  A cyclops (D:8)
  A troll (D:8)
  A hornet (D:8)
  2 wyverns (D:9)
  5 yaks (D:9)
  Grum (D:8)
  A water moccasin (D:8)
  A sky beast (D:10)
  2 ice beasts
  2 slaves (D:8)
  3 phantoms
  7 ogres
  An eye of draining (D:10)
  5 centaurs
  2 wolves (D:8)
  2 big kobolds
  3 bullfrogs
  A wyvern skeleton (D:8)
  5 scorpions
  18 killer bees
  3 howler monkeys (D:8)
  2 crimson imps (D:6)
  3 hounds
  A quasit (D:7)
  A jelly (D:8)
  An orc priest (D:6)
  3 orc wizards
  Crazy Yiuf (D:2)
  3 bullfrog skeletons
  8 iguanas
  6 worker ants
  2 hound skeletons
  Robin (D:3)
  4 gnolls (D:7)
  15 adders
  5 shadow imps
  An ooze (D:1)
  An adder zombie (D:5)
  An adder skeleton (D:8)
  2 dart slugs
  3 leopard geckos
  23 orcs
  5 giant cockroaches
  23 goblins
  6 hobgoblins
  6 jackals
  2 quokkas
  A ball python (D:2)
  3 bats
  16 frilled lizards
  A jackal zombie (D:5)
  15 kobolds
  6 rats
  A spectral orc (D:2)
242 creatures vanquished.

Vanquished Creatures (others)
  2 slaves (D:8)
  A small abomination (Abyss:2)
  An adder (D:8)
  2 orcs (D:8)
6 creatures vanquished.

Grand Total: 248 creatures vanquished

Notes
Turn   | Place    | Note
-------+----------+-------------------------------------------
     0 | D:1      | Krapule the Minotaur Hunter began the quest for the Orb.
     0 | D:1      | Reached XP level 1. HP: 18/18 MP: 0/0
    28 | D:1      | Reached skill level 1 in Stealth
    28 | D:1      | Reached XP level 2. HP: 20/25 MP: 1/1
   459 | D:1      | Reached XP level 3. HP: 22/31 MP: 2/2
  1000 | D:2      | Reached skill level 1 in Armour
  1139 | D:2      | Found a basalt altar of Yredelemnul.
  1202 | D:2      | Found a hazy altar of Hepliaklqana.
  1373 | D:2      | Reached skill level 5 in Crossbows
  1535 | D:2      | Reached XP level 4. HP: 32/38 MP: 3/3
  1676 | D:2      | Found a runed door.
  1681 | D:2      | Noticed Crazy Yiuf
  1694 | D:2      | Killed Crazy Yiuf
  1694 | D:2      | HP: 1/40 [poisoned by Crazy Yiuf]
  1770 | D:3      | Found a deep blue altar of Sif Muna.
  1796 | D:3      | Noticed Robin
  1828 | D:3      | Killed Robin
  1833 | D:3      | Reached XP level 5. HP: 28/46 MP: 4/4
  2118 | D:3      | Reached skill level 1 in Shields
  2462 | D:4      | Noticed a phantom
  2477 | D:4      | Killed a phantom
  2477 | D:4      | Reached XP level 6. HP: 47/53 MP: 5/5
  2688 | D:4      | Found an opulent altar of Gozag.
  3224 | D:5      | Entered Level 5 of the Dungeon
  3352 | D:5      | Reached skill level 6 in Crossbows
  3352 | D:5      | Reached XP level 7. HP: 56/60 MP: 6/6
  3362 | D:5      | Reached skill level 5 in Fighting
  4405 | D:6      | Reached skill level 5 in Dodging
  4503 | D:6      | Reached XP level 8. HP: 69/69 MP: 7/7
  4702 | D:6      | Found a staircase to the Ecumenical Temple.
  4710 | Temple   | Entered the Ecumenical Temple
  4906 | Temple   | Became a worshipper of Warmaster Okawaru
  5326 | D:7      | Reached skill level 5 in Armour
  5344 | D:6      | Reached skill level 1 in Invocations
  5443 | D:6      | Reached skill level 5 in Shields
  5469 | D:6      | Reached skill level 7 in Crossbows
  5562 | D:7      | Reached * piety under Okawaru
  6246 | D:7      | Reached XP level 9. HP: 78/78 MP: 9/9
  6293 | D:7      | Found an ancient bone altar of Kikubaaqudgha.
  6313 | D:7      | Found a blossoming altar of Fedhas.
  6535 | D:7      | Got an ichor-stained falchion
  6536 | D:7      | Identified the +5 falchion of Trauma {drain, Str+7 Stlth-} (You found it on level 7 of the Dungeon)
  6887 | D:8      | Noticed a cyclops
  6903 | D:8      | Killed a cyclops
  6903 | D:8      | Reached ** piety under Okawaru
  6954 | D:8      | Noticed Grum
  6976 | D:8      | Killed Grum
  7244 | D:8      | Got a translucent hand axe
  7245 | D:8      | Identified the +4 hand axe of Light {elec, rElec rPois rC+ MR-} (You found it on level 8 of the Dungeon)
  7303 | D:8      | Reached skill level 8 in Crossbows
  7381 | D:8      | Noticed a troll
  7392 | D:8      | Reached *** piety under Okawaru
  7402 | D:8      | Killed a troll
  7402 | D:8      | Reached XP level 10. HP: 43/86 MP: 10/12
  7793 | D:8      | Noticed Prince Ribbit
  7832 | D:8      | Noticed Pikel
  7840 | D:8      | Killed Pikel
  7840 | D:8      | Reached **** piety under Okawaru
  8038 | D:8      | Found a glowing golden altar of the Shining One.
  8135 | D:8      | Reached skill level 5 in Invocations
  8971 | D:9      | Found a shattered altar of Ashenzari.
  9301 | D:9      | Reached skill level 9 in Crossbows
  9481 | D:10     | Entered Level 10 of the Dungeon
  9551 | D:10     | Found a staircase to the Lair.
  9555 | D:10     | Got an ancient wooden ring
  9556 | D:10     | Identified the ring of Xom's Entertainment {EV+4 Int+2} (You found it on level 10 of the Dungeon)
  9572 | D:10     | Found Jydghienn's General Store.
  9579 | D:10     | Bought a scroll of identify for 30 gold pieces
  9579 | D:10     | Bought a scroll of teleportation for 45 gold pieces
  9579 | D:10     | Bought 2 scrolls of identify for 60 gold pieces
  9579 | D:10     | Bought the +0 cloak of Plog {rElec rN+ MR- Dex+2} for 340 gold pieces
  9630 | D:10     | Received a gift from Okawaru
  9750 | D:10     | Reached ***** piety under Okawaru
  9765 | D:10     | Noticed a hill giant
  9775 | D:10     | Killed a hill giant
  9848 | D:10     | Noticed Nergalle
  9870 | D:10     | Killed Nergalle
  9870 | D:10     | Reached XP level 11. HP: 77/95 MP: 14/14
  9908 | D:10     | Noticed a skeletal warrior
  9916 | D:10     | Noticed a skeletal warrior
  9916 | D:10     | Noticed a skeletal warrior
  9916 | D:10     | Cast into level 2 of the Abyss (skeletal warrior)
  9922 | Abyss:2  | Found a corrupted altar of Lugonu.
 10027 | Abyss:2  | Noticed a purple very ugly thing
 10047 | Abyss:2  | Noticed a wretched star
 10055 | Abyss:2  | Noticed an ophan
 10063 | Abyss:2  | Noticed a large abomination
 10067 | Abyss:2  | Slain by a purple very ugly thing

Skill      XL: |  1  2  3  4  5  6  7  8  9 10 |
---------------+-------------------------------+-----
Stealth        | 1 |  1.0
Fighting       | 3 4 5 6 7 8 |  8.8
Armour         | 1 2 3 4 5 7 8 |  8.2
Crossbows      | 5 6 7 8 9 |  9.3
Dodging        | 3 4 5 6 7 8 |  8.3
Shields        | 2 3 4 5 7 8 |  8.4
Invocations    | 2 4 5 |  5.8

Action                   |  1- 3 |  4- 6 |  7- 9 | 10-12 || total
-------------------------+-------+-------+-------+-------++-------
Melee: Short sword       |    25 |       |       |       ||    25
       Headbutt          |    11 |    29 |    56 |    48 ||   144
       Dagger            |    86 |    37 |       |       ||   123
       Mace              |       |    77 |    12 |       ||    89
       Whip              |       |    11 |   260 |       ||   271
       Falchion          |       |       |    38 |   135 ||   173
       Hand axe          |       |       |    38 |    58 ||    96
 Fire: Hand crossbow     |       |     3 |    33 |    11 ||    47
Invok: Heroism           |       |       |     1 |       ||     1
  Use: Scroll            |     3 |     4 |     4 |     6 ||    17
       Potion            |       |     3 |     1 |       ||     4
 Stab: Sleeping          |     1 |       |       |       ||     1
  Eat: Chunk             |     1 |     7 |    13 |     9 ||    30
Armor: Leather armour    |    14 |       |       |       ||    14
       Ring mail         |    15 |       |       |       ||    15
       Scale mail        |       |     5 |       |       ||     5
       Chain mail        |       |    33 |   151 |    29 ||   213
       Plate armour      |       |       |       |    22 ||    22
Dodge: Dodged            |    63 |    45 |   186 |    88 ||   382
Block: Buckler           |       |    40 |   140 |    73 ||   253
       Rpst.: Falchion   |       |       |     5 |    16 ||    21
